 Dungeon Crawl Stone Soup version 0.17.0-9-g801d43b (console) character file.

462 Kloppie the Skirmisher (level 6, -3/56 HPs)
             Began as a Minotaur Fighter on Nov 10, 2015.
             Slain by an orc warrior
             ... wielding a +0 mace
              (11 damage)
             ... on level 5 of the Dungeon.
             The game lasted 00:06:39 (3921 turns).

Kloppie the Skirmisher (Minotaur Fighter)           Turns: 3921, Time: 00:06:40

Health: -3/56      AC: 12    Str: 21    XL:     6   Next: 79%
Magic:  5/5        EV:  4    Int:  5    God:
Gold:   240        SH: 10    Dex: 11    Spells: 0 memorised, 5 levels left

rFire  . . .     SeeInvis .     a - +0 long sword
rCold  . . .     Clarity  .     l - +0 plate armour
rNeg   + . .     SustAt   .     c - +0 shield
rPois  .         Gourm    .     (helmet restricted)
rElec  .         Spirit   .     (no cloak)
rCorr  .         Warding  .     (no gloves)
rMut   .         Stasis   .     (no boots)
MR     .....                    (no amulet)
Stlth  ..........               r - ring of positive energy
                                j - ring of stealth

@: not resistant to hostile enchantments, extremely unstealthy
A: retaliatory headbutt, horns 2
a: no special abilities


You were on level 5 of the Dungeon.
You were hungry.

You visited 1 branch of the dungeon, and saw 5 of its levels.

You collected 240 gold pieces.

Inventory:

Hand Weapons
 a - a +0 long sword (weapon)
 b - a +0 blowgun
Missiles
 C - 8 poisoned needles
 E - 4 needles of confusion
Armour
 c - a +0 shield (worn)
 l - a +0 plate armour (worn)
Jewellery
 j - a ring of stealth (left hand)
 r - a ring of positive energy (right hand)
Wands
 w - a wand of teleportation (6)
Scrolls
 f - 2 scrolls of recharging {unknown}
 g - a scroll of identify {unknown}
 i - 2 scrolls of teleportation {unknown}
 m - a scroll of enchant weapon {unknown}
 n - 2 scrolls of fog {unknown}
 o - a scroll of immolation {unknown}
 q - a scroll of enchant armour {unknown}
 s - 2 scrolls of amnesia {unknown}
 t - 2 scrolls of remove curse {unknown}
 x - 2 scrolls of random uselessness {unknown}
 y - a scroll of noise {unknown}
 G - a scroll of blinking {unknown}
 H - a scroll of magic mapping {unknown}
Potions
 d - 2 potions of might
 k - a potion of haste {unknown}
 v - a potion of resistance {unknown}
 A - a potion of poison {unknown}
 B - a potion of curing {unknown}
 F - 2 potions of heal wounds {unknown}
Comestibles
 e - 5 bread rations
 h - a slice of pizza
 p - 2 meat rations
 u - 3 fruits
 z - 7 chunks of flesh
 D - a royal jelly


   Skills:
 + Level 5.6 Fighting
 + Level 5.0 Long Blades
 + Level 5.4 Armour
 + Level 5.4 Shields


You had 5 spell levels left.
You didn't know any spells.

Dungeon Overview and Level Annotations

Branches:
Dungeon (5/15)
 Temple: D:4-7

Altars:
Dithmenos
Zin


Innate Abilities, Weirdness & Mutations

You reflexively headbutt those who attack you in melee.
You have a pair of horns on your head.


Message History

The orc warrior is almost dead.
The orc warrior barely misses you.
You closely miss the orc warrior.
The orc warrior is almost dead.
The orc warrior hits you with a mace.
* * * LOW HITPOINT WARNING * * *
The orc warrior hits you with a mace.
* * * LOW HITPOINT WARNING * * *
You barely miss the orc warrior.
The orc warrior is almost dead.
The orc warrior hits you with a mace.
* * * LOW HITPOINT WARNING * * *
You hit the orc warrior but do no damage.
The orc warrior is almost dead.
The orc warrior hits you with a mace.
* * * LOW HITPOINT WARNING * * *
You closely miss the orc warrior.
The orc warrior is almost dead.
The orc warrior hits you with a mace!
You die...

##...###### ##.##
....... #.# .......
#.# .P..... ##+##
≈≈≈≈≈ ##...## ≈≈≈≈
##.....## ≈≈#
##.......## ##o≈#
###.........####@≈≈#
..+.........'....≈≈#
###.........####.≈≈≈.#
##.......## ##≈≈≈.#
##..÷..## #≈≈≈.#
##...## #≈≈≈.# ##'##
#≈≈≈.#
#)#########≈≈≈.#
#).....)..#≈≈≈.#


You could see an orc warrior.

Vanquished Creatures
  An ice beast (D:4)
  An ogre (D:4)
  A jelly (D:4)
  An orc wizard (D:5)
  An orc priest (D:5)
  2 worker ants
  2 adders
  3 gnolls (D:4)
  An ooze (D:2)
  5 worms
  3 giant geckos
  3 orcs
  3 ball pythons
  5 giant cockroaches
  7 hobgoblins
  8 jackals
  A bat (D:3)
  A giant gecko skeleton (D:5)
  5 giant newts
  8 goblins
  7 kobolds
  3 quokkas
  A quokka skeleton (D:4)
  9 rats
  A plant (D:3)
83 creatures vanquished.

Notes
Turn   | Place    | Note
--------------------------------------------------------------
     0 | D:1      | Kloppie the Minotaur Fighter began the quest for the Orb.
     0 | D:1      | Reached XP level 1. HP: 19/19 MP: 0/0
   321 | D:1      | Reached XP level 2. HP: 27/27 MP: 1/1
   877 | D:2      | Reached skill level 4 in Fighting
  1032 | D:2      | Reached XP level 3. HP: 31/33 MP: 2/2
  1614 | D:3      | Reached XP level 4. HP: 20/40 MP: 3/3
  2732 | D:4      | Noticed an ice beast
  2748 | D:4      | Killed an ice beast
  2748 | D:4      | Reached skill level 5 in Armour
  2748 | D:4      | Reached XP level 5. HP: 18/47 MP: 4/4
  2951 | D:4      | Reached skill level 5 in Fighting
  2951 | D:4      | Reached skill level 5 in Shields
  2964 | D:4      | Found a shadowy altar of Dithmenos.
  3034 | D:4      | Noticed an ogre
  3054 | D:4      | Killed an ogre
  3054 | D:4      | Reached XP level 6. HP: 56/56 MP: 5/5
  3679 | D:5      | Entered Level 5 of the Dungeon
  3716 | D:5      | Found a glowing silver altar of Zin.
  3885 | D:5      | Reached skill level 5 in Long Blades
  3921 | D:5      | Slain by an orc warrior

Action                   |  1- 3 |  4- 6 || total
-------------------------+-------+-------++-------
Melee: Long sword        |   123 |   152 ||   275
 Fire: Blowgun           |       |     2 ||     2
  Eat: Chunk             |     2 |     6 ||     8
       Beef jerky        |       |     1 ||     1
